Map: Hard Lead LE

Players

LiquidClem (Clem) - Winner!

  • Race: Terran Terran
  • League: Grandmaster
  • Spawn Location: 5:00

MaxPax

  • Race: Protoss Protoss
  • League: Grandmaster
  • Spawn Location: 11:00

VOD

Have the link to the VOD?

Description

Time

  • Played on: Oct. 23, 2023, 3:10 p.m.
  • Length: 10:10
Show
View Real Time Build Order
Export as new Build Order

LiquidClem Terran - Winner!

Build Orders: Core after Nexus, Reaper Expand 

Get SALT Encoding   

  12  0:00  SCV  
  13  0:12  SCV  
  14  0:17  Supply Depot  
  14  0:24  SCV  
  15  0:39  SCV  
  15  0:40  Barracks  
  16  0:43  Refinery  
  16  0:51  SCV  
  17  1:03  SCV  
  18  1:15  SCV  
  19  1:28  Orbital Command  
  19  1:29  Reaper  
  20  1:48  Command Center  
  20  1:54  Supply Depot  
  20  1:57  SCV  
  20  2:01  Marine  
  22  2:09  SCV  
  22  2:14  Factory  
  23  2:19  Marine  
  23  2:21  SCV  
  25  2:25  Bunker  
  25  2:31  Refinery  
  25  2:33  SCV  
  26  2:40  Barracks Reactor  
  26  2:45  SCV  
  27  2:59  Hellion  
  27  3:00  Starport  
  27  3:01  Orbital Command  
  27  3:04  SCV  
  30  3:13  Supply Depot  
  30  3:16  Marine, SCV  
  30  3:18  Marine  
  33  3:22  Widow Mine  
  35  3:28  SCV  
  35  3:29  SCV  
  37  3:35  Marine  
  37  3:37  Medivac  
  37  3:40  SCV  
  42  3:41  SCV  
  42  3:46  Widow Mine  
  44  3:51  Supply Depot  
  44  3:52  Marine  
  44  3:53  SCV  
  44  3:55  Marine  
  47  3:56  SCV  
  48  4:03  Barracks  
  48  4:05  SCV  
  48  4:08  SCV  
  50  4:11  Starport Tech Lab, Factory Tech Lab  
  50  4:12  Supply Depot  
  50  4:13  Marine  
  51  4:17  SCV  
  51  4:18  Marine  
  51  4:21  SCV  
  51  4:24  Barracks  
  54  4:29  SCV  
  54  4:31  Siege Tank  
  58  4:33  SCV  
  58  4:36  Raven  
  60  4:39  Marine x2  
  60  4:41  SCV  
  62  4:45  SCV  
  62  4:48  Supply Depot  
  62  4:49  Marine  
  63  4:53  SCV  
  63  5:00  Marine x2  
  63  5:01  Barracks  
  63  5:04  Engineering Bay  
  63  5:05  Refinery  
  63  5:07  Siege Tank  
  67  5:13  SCV  
  67  5:14  SCV  
  69  5:15  Supply Depot  
  69  5:19  Stimpack  
  69  5:20  Barracks Tech Lab, Marauder  
  71  5:22  Marine  
  71  5:25  Supply Depot  
  71  5:26  SCV  
  71  5:27  SCV  
  72  5:31  Marine  
  73  5:35  Refinery  
  73  5:38  Combat Shield, Marauder, SCV  
  73  5:40  SCV, Marine  
  78  5:46  Marauder  
  75  5:50  Marine, SCV  
  75  5:56  Marine  
  75  5:57  Supply Depot, SCV  
  79  6:00  Marine, Marauder  
  79  6:02  SCV  
  79  6:03  Siege Tank  
  84  6:07  Supply Depot  
  84  6:10  Marine, Marauder  
  88  6:15  Barracks Reactor  
  88  6:18  Terran Infantry Weapons Level 1, Marine  
  87  6:19  Supply Depot  
  87  6:22  Supply Depot  
  90  6:26  Marauder  
  90  6:28  Marine  
  91  6:33  Starport Reactor  
  91  6:36  Marine  
  91  6:38  Marauder  
  94  6:42  Command Center, Factory Reactor  
  94  6:46  Marine  
  95  6:52  Marine x2, Marauder  
  95  6:54  Marine  
  100  6:59  Supply Depot  
  100  7:01  Concussive Shells, Marauder  
  102  7:09  Marine  
  102  7:10  Barracks, Supply Depot, Medivac, Marine x2  
  102  7:12  Medivac  
  102  7:15  Missile Turret  
  109  7:20  Widow Mine, Supply Depot  
  109  7:21  Widow Mine  
  113  7:25  Marine  
  113  7:26  Marauder  
  116  7:30  Marauder  
  116  7:37  Marine  
  116  7:39  Marine  
  116  7:41  Marine  
  119  7:45  Widow Mine x2  
  119  7:46  Medivac  
  119  7:47  Marauder  
  119  7:49  Medivac  
  119  7:50  Marine  
  130  7:51  Marauder  
  130  7:55  Marine  
  130  7:58  Marine  
  129  8:03  Barracks Tech Lab  
  121  8:06  Marine  
  121  8:09  Marine, Marauder  
  121  8:10  Widow Mine x2  
  116  8:13  Marine, Marauder  
  116  8:16  Medivac  
  116  8:17  Marine  
  116  8:19  Medivac  
  119  8:23  Marine  
  119  8:26  Marine  
  121  8:28  SCV  
  121  8:29  Marine  
  121  8:30  Marauder  
  121  8:31  SCV  
  123  8:34  Marauder  
  123  8:37  Marine x2  
  123  8:41  SCV  
  124  8:44  Widow Mine, Marauder  
  124  8:45  Widow Mine  
  124  8:46  Marine  
  129  8:51  Marine  
  129  8:52  Medivac  
  129  8:53  SCV  
  133  8:57  Orbital Command  
  133  8:59  SCV  
  133  9:02  Marine  
  135  9:05  SCV  
  135  9:07  Marauder  
  138  9:11  Marine x2, SCV  
  138  9:12  Marine  
  142  9:17  SCV  
  142  9:18  Armory  
  142  9:21  Marauder  
  142  9:23  SCV, Marine  
  145  9:24  SCV  
  145  9:26  Marine  
  145  9:32  Medivac x2  
  145  9:33  Widow Mine  
  145  9:34  SCV  
  145  9:38  Marine  
  149  9:39  Marauder  
  149  9:41  Marine  
  149  9:43  SCV  
  149  9:45  Marauder  
  127  9:46  Widow Mine  
  127  9:50  SCV  
  127  9:53  SCV  
  127  9:56  SCV  
Show
View Real Time Build Order
Export as new Build Order

MaxPax Protoss 

Build Orders: 1 Gate Expand, Blink Stalkers 

Get SALT Encoding   

  12  0:00  Probe  
  13  0:12  Probe  
  14  0:18  Pylon  
  14  0:24  Probe (Chrono Boost)  
  15  0:36  Probe (Chrono Boost)  
  15  0:38  Gateway  
  16  0:44  Probe (Chrono Boost)  
  16  0:48  Assimilator  
  17  0:51  Probe  
  18  1:03  Probe  
  19  1:15  Probe  
  20  1:25  Cybernetics Core  
  20  1:34  Nexus  
  20  1:43  Pylon  
  20  1:45  Probe  
  21  1:50  Assimilator  
  21  1:57  Probe  
  21  1:59  Adept (Chrono Boost)  
  22  2:03  Warp Gate  
  23  2:09  Probe  
  24  2:19  Adept (Chrono Boost)  
  24  2:21  Probe  
  27  2:31  Twilight Council  
  27  2:34  Probe  
  28  2:42  Stalker  
  30  2:46  Probe x2  
  33  2:59  Probe (Chrono Boost)  
  33  3:03  Probe (Chrono Boost)  
  33  3:05  Gateway  
  34  3:09  Blink (Chrono Boost), Probe (Chrono Boost)  
  34  3:12  Probe (Chrono Boost)  
  36  3:14  Probe (Chrono Boost)  
  37  3:23  Probe  
  37  3:25  Probe  
  39  3:35  Probe  
  39  3:36  Robotics Facility  
  39  3:37  Probe  
  41  3:47  Probe  
  42  3:50  Gateway  
  42  3:54  Pylon  
  43  3:55  Stalker  
  43  4:00  Stalker  
  46  4:05  Assimilator  
  46  4:12  Probe x2  
  48  4:23  Stalker x2  
  48  4:24  Warp Prism (Chrono Boost)  
  52  4:28  Pylon  
  54  4:43  Pylon  
  54  4:46  Probe x2  
  54  4:56  Stalker x3  
  54  4:58  Probe x2  
  61  5:11  Probe  
  62  5:18  Observer  
  62  5:19  Stalker x3  
  69  5:21  Probe  
  70  5:31  Pylon  
  70  5:33  Nexus  
  70  5:40  Pylon  
  70  5:51  Stalker x3  
  70  5:52  Probe  
  70  5:53  Probe  
  70  5:56  Stalker x3  
  78  6:04  Probe  
  78  6:05  Probe  
  78  6:09  Forge  
  80  6:14  Charge (Chrono Boost)  
  80  6:17  Probe x2  
  82  6:19  Gateway  
  82  6:20  Observer  
  82  6:24  Gateway  
  83  6:29  Probe x2  
  85  6:40  Gateway  
  85  6:41  Probe  
  85  6:43  Gateway  
  85  6:44  Probe  
  85  6:45  Probe, Pylon  
  88  6:51  Gateway  
  88  6:53  Probe  
  89  6:57  Probe  
  89  6:58  Probe  
  89  7:00  Sentry, Zealot x2  
  93  7:04  Protoss Ground Weapons Level 1 (Chrono Boost)  
  93  7:05  Templar Archives, Probe  
  93  7:07  Immortal (Chrono Boost)  
  90  7:09  Probe  
  90  7:13  Shield Battery  
  95  7:22  Assimilator  
  95  7:24  Pylon  
  95  7:27  Zealot x3  
  95  7:28  Zealot  
  103  7:38  Pylon  
  103  7:39  Pylon  
  103  7:41  Pylon  
  101  7:45  Pylon  
  101  7:54  Zealot x7  
  89  8:14  Zealot  
  89  8:15  Zealot x6  
  89  8:18  Immortal (Chrono Boost)  
  95  8:27  Zealot  
  95  8:33  Psionic Storm  
  93  8:35  Stalker x2  
  93  8:36  Zealot x3, Stalker x2  
  93  8:39  Probe x2  
  100  8:53  Warp Prism (Chrono Boost)  
  98  8:59  High Templar x3  
  106  9:04  Zealot x4  
  112  9:13  Zealot  
  114  9:28  Zealot x4  
  118  9:34  Zealot x4  
  84  9:53  Zealot x4  
  84  9:55  Zealot x3  
Tags
 
Add a new tag
Caveats
  • Supply blocks, unpowered buildings, or Contaminate may cause inaccurate times.
  • Supply counts are checked every 10 seconds.